 Dungeon Crawl Stone Soup version 0.31-a0-971-g75a2e9a4b4 (webtiles) character file.

Game seed: 15091234421188090676

46 Xavori the Trooper (level 3, -2/30 HPs)
             Began as a Djinni Chaos Knight on Oct 29, 2023.
             Was a Plaything of Xom.
             Slain by Robin
             ... wielding a +0 mace
              (5 damage)
             ... on level 2 of the Dungeon.
             The game lasted 00:01:31 (8477 turns).

Xavori the Trooper (Djinni Chaos Knight)            Turns: 8477, Time: 00:01:32

Health: -2/30      AC:  5    Str:  9    XL:     3   Next: 92%
Gold:   53         EV: 12    Int: 13    God:    Xom [..*...] SH:  4 Dex: 12

rFire   + + +        a - +0 falchion (chaos)
rCold   x . .        (no shield)
rNeg    . . .        b - +2 leather armour
rPois   ∞            (helmet restricted)
rElec   .            (no cloak)
rCorr   .            (no gloves)
SInv    .            (boots unavailable)
Will    .....        (no amulet)
Stlth   +            (no ring)
HPRegen 0.25/turn    (no ring)
MPRegen 0.00/turn

%: infuse magic (-3 HP)
@: flying
A: sickness immunity, fire resistance 3, cold vulnerability 1, float, innate
caster, HP casting, extra vitality 1, antennae 2, large bone plates 1, clumsy 1,
weak 1
a: Renounce Religion


You were on level 2 of the Dungeon.
You worshipped Xom.
You were a toy of Xom.
You visited 1 branch of the dungeon, and saw 2 of its levels.

You collected 53 gold pieces.

Inventory:

Hand Weapons
 a - a +0 falchion of chaos (weapon)
Armour
 b - a +2 leather armour (worn)
Scrolls
 c - a scroll of butterflies
 d - a scroll of enchant armour {unknown}
 f - 2 scrolls of identify {unknown}
 i - a scroll of silence {unknown}
 k - a scroll of teleportation {unknown}
 l - 2 scrolls of amnesia {unknown}
Potions
 e - a potion of attraction {unknown}
 g - 3 potions of degeneration {unknown}
 h - a potion of heal wounds {unknown}
 j - a potion of mutation {unknown}


   Skills:
 + Level 3.2 Fighting
 + Level 3.0 Long Blades
 + Level 1.5 Armour
 + Level 2.6 Dodging
 * Level 1.0 Spellcasting
 * Level 1.0 Conjurations
 * Level 1.0 Hexes
   Level 0.0 Charms
 * Level 1.0 Summonings
 * Level 1.0 Necromancy
 * Level 1.0 Translocations
 * Level 1.0 Transmutations
 * Level 1.0 Fire Magic
 * Level 1.0 Ice Magic
 * Level 1.0 Air Magic
 * Level 1.0 Earth Magic
 * Level 1.0 Poison Magic


You knew the following spells:

 Your Spells              Type           Power      Damage    Failure   Level
a - Foxfire               Conj/Fire      12%        2x1d4     26%         1
Your spell library was empty.

Dungeon Overview and Level Annotations

Branches:
Dungeon (2/15)

Altars:

Annotations:
D:2 Robin


Innate Abilities, Weirdness & Mutations

You are immune to sickness and miasma.
You are immune to poison.
Your flesh is almost immune to the effects of heat. (rF+++)
You are vulnerable to cold. (rC-)
You float through the air rather than walking.
You learn spells naturally, not from books.
Your magical power is your life essence.
You have superior vitality. (+4 MHP)
You have a pair of antennae on your head.
You are partially covered in large bone plates. (SH +4)
You are clumsy. (Dex -2)
You are weak. (Str -2)


Message History

The goblin closely misses you.
You hit the rat.
The rat is moderately wounded.
The goblin no longer looks unusually strong.
Robin closely misses you. The goblin hits you with a +0 dagger.
* * * LOW HITPOINT WARNING * * *
You block the rat's attack. The goblin hits you with a +0 dagger.
* * * LOW HITPOINT WARNING * * *
You barely miss the goblin. Robin hits you with a +0 mace.
* * * LOW HITPOINT WARNING * * *
You block the goblin's attack. The rat barely misses you.
The goblin closely misses you.
Unknown command.
You hit the goblin.
The goblin suddenly seems more resistant.
The goblin is moderately wounded.
Robin closely misses you. The goblin closely misses you.
The rat bites you but does no damage. The goblin hits you but does no damage.
Unknown command.
You barely miss the goblin.
The goblin is moderately wounded.
Robin hits you with a +0 mace.
* * * LOW HITPOINT WARNING * * *
The goblin hits you with a +0 dagger.
* * * LOW HITPOINT WARNING * * *
The rat barely misses you. The goblin closely misses you.
You closely miss the goblin.
The goblin is moderately wounded.
Robin roars a battlecry!
The goblin goes into a battle-frenzy!
The goblin closely misses you. The rat bites you but does no damage.
The goblin closely misses you.
You closely miss the rat.
The rat is moderately wounded.
Robin barely misses you. The goblin barely misses you.
The rat barely misses you. The goblin hits you but does no damage.
Robin hits you with a +0 mace.
You die...
Robin says, "And that's why I'm the boss."
Xom chortles!

#.#.#.# ##........
..#.#.# ########..#
###.#.# ..# #.#.# ..#
#.#.# ..#.# ..#.#
..#.# ###.# .!..# #.#
###r...#### #.#
#g@g....... ∆ #.###
#g##......
#.##.######g#.......
#.#...........#.#...
#.##.....^...g..#{..
#.##............ggg.#
#.##...####..........
#.##...# #######....
#.##...# ...


You could see Robin, 3 goblins and a rat.

Vanquished Creatures
  An adder (D:2)
  3 dart slugs
  3 endoplasms
  4 goblins (D:2)
  4 hobgoblins (D:2)
  5 ball pythons
  2 frilled lizards (D:1)
  5 kobolds
  5 rats
32 creatures vanquished.

Notes
Turn   | Place    | Note
-------+----------+-------------------------------------------
     0 | D:1      | Xavori the Djinni Chaos Knight began the quest for the Orb.
     0 | D:1      | Reached XP level 1. HP: 20/20 MP: 0/0
   336 | D:1      | Reached XP level 2. HP: 25/25 MP: 0/0
   368 | D:1      | XOM: confuse monster(s)
   528 | D:1      | XOM: 2-stop teleportation journey
   860 | D:2      | Identified the +0 leather armour of Cieluel {rN+ MP+9 Int+2
                  | SInv}
  1095 | D:1      | XOM: cloud trail
  1522 | D:1      | XOM is BORED!
  1628 | D:1      | XOM: divination: magic mapping
  1729 | D:1      | XOM: divination: detect creatures
  1851 | D:1      | XOM: divination: detect creatures
  2007 | D:1      | XOM is BORED!
  2007 | D:1      | XOM: silly message
  2202 | D:1      | XOM: silly message
  2377 | D:1      | XOM: silly message
  2395 | D:1      | XOM: divination: detect creatures
  3256 | D:1      | XOM: give mutations
  3256 | D:1      | Gained mutation: You have a pair of small antennae on your
                  | head. [Xom's mischief]
  3256 | D:1      | Gained mutation: Your muscles are strong. (Str +4, Int/Dex
                  | -1) [Xom's mischief]
  3256 | D:1      | Gained mutation: You are clumsy. (Dex -2) [Xom's mischief]
  3256 | D:1      | Gained mutation: You are somewhat resistant to further
                  | mutation. [Xom's mischief]
  3316 | D:1      | XOM: summons 2 hostile demons
  3317 | D:1      | Noticed a soul eater
  3511 | D:1      | XOM is BORED!
  3511 | D:1      | XOM: give mutation
  3511 | D:1      | Gained mutation: Your mind is acute. (Int +4, Str/Dex -1)
                  | [Xom's mischief]
  3875 | D:1      | XOM: summons 2 hostile demons
  3876 | D:1      | Noticed a quasit
  4477 | D:1      | XOM: give mutations
  4477 | D:1      | Gained mutation: You have a pair of antennae on your head.
                  | [Xom's grace]
  4477 | D:1      | Gained mutation: Your flesh is almost immune to the effects
                  | of heat. (rF+++) [Xom's grace]
  4477 | D:1      | Gained mutation: You possess an exceptional clarity of
                  | mind. [Xom's grace]
  4477 | D:1      | Gained mutation: You passively dampen the noise of your
                  | surroundings. [Xom's grace]
  4652 | D:1      | XOM: god gift: war axe {god gift}
  4783 | D:1      | XOM: cloud trail
  4898 | D:1      | XOM: god gift: 19 gold pieces
  5103 | D:1      | XOM: give mutations
  5103 | D:1      | Lost mutation: You are somewhat resistant to further
                  | mutation. [Xom's mischief]
  5103 | D:1      | Gained mutation: Your spells are a little harder to cast,
                  | but a little more powerful. [Xom's mischief]
  5103 | D:1      | Gained mutation: You have hidden genetic potential. [Xom's
                  | mischief]
  5463 | D:1      | XOM: god gift: scroll labelled FUATSIRETA {god gift}
  5483 | D:1      | XOM: silly message
  5531 | D:1      | XOM: torment (14/25 hp)
  5847 | D:1      | XOM is BORED!
  5847 | D:1      | XOM: silly message
  7699 | D:1      | XOM is BORED!
  7699 | D:1      | XOM: silly message
  7874 | D:1      | XOM: silly message
  8006 | D:1      | XOM: silly message
  8158 | D:1      | XOM: give mutations
  8158 | D:1      | Gained mutation: You are partially covered in large bone
                  | plates. (SH +4) [Xom's mischief]
  8158 | D:1      | Lost mutation: Your muscles are strong. (Str +4, Int/Dex
                  | -1) [Xom's mischief]
  8158 | D:1      | Lost mutation: You have hidden genetic potential. [Xom's
                  | mischief]
  8158 | D:1      | Lost mutation: Your mind is acute. (Int +4, Str/Dex -1)
                  | [Xom's mischief]
  8268 | D:2      | XOM: give mutations
  8268 | D:2      | Lost mutation: Your spells are a little harder to cast, but
                  | a little more powerful. [Xom's mischief]
  8268 | D:2      | Lost mutation: You possess an exceptional clarity of mind.
                  | [Xom's mischief]
  8268 | D:2      | Lost mutation: You passively dampen the noise of your
                  | surroundings. [Xom's mischief]
  8268 | D:2      | Gained mutation: You are weak. (Str -2) [Xom's mischief]
  8276 | D:2      | Reached XP level 3. HP: 30/30 MP: 0/0
  8276 | D:2      | Learned a level 1 spell: Foxfire
  8339 | D:2      | XOM: divination: detect items
  8363 | D:2      | XOM: divination: detect items
  8444 | D:2      | Noticed Robin
  8457 | D:2      | Reached skill level 1 in Spellcasting
  8457 | D:2      | Reached skill level 1 in Conjurations
  8457 | D:2      | Reached skill level 1 in Hexes
  8457 | D:2      | Reached skill level 1 in Summonings
  8457 | D:2      | Reached skill level 1 in Necromancy
  8457 | D:2      | Reached skill level 1 in Translocations
  8457 | D:2      | Reached skill level 1 in Transmutations
  8457 | D:2      | Reached skill level 1 in Fire Magic
  8457 | D:2      | Reached skill level 1 in Ice Magic
  8457 | D:2      | Reached skill level 1 in Air Magic
  8457 | D:2      | Reached skill level 1 in Earth Magic
  8457 | D:2      | Reached skill level 1 in Poison Magic
  8477 | D:2      | Slain by Robin

Illustrated notes

Levels and vault maps discovered:
D:1:      tarquinn_simple_flora_water_d, layout_loops_ring,
          minmay_misc_feat_alley
D:2:      layout_loops_ring, uniq_robin, uniq_crazy_yiuf_cottage

Skill      XL: |  1  2  3 |
---------------+----------+-----
Long Blades    | 3 |  3.0
Spellcasting   | 1 |  1.0
Conjurations   | 1 |  1.0
Hexes          | 1 |  1.0
Summonings     | 1 |  1.0
Necromancy     | 1 |  1.0
Translocations | 1 |  1.0
Transmutations | 1 |  1.0
Fire Magic     | 1 |  1.0
Ice Magic      | 1 |  1.0
Air Magic      | 1 |  1.0
Earth Magic    | 1 |  1.0
Poison Magic   | 1 |  1.0
Fighting       | |  3.2
Armour         | |  1.5
Dodging        | |  2.6

Action                     || total
---------------------------++-------
  Melee: Falchion          ||   103
    Use: Scroll            ||     1
   Stab: Sleeping          ||     1
 Armour: Leather armour    ||    73
  Dodge: Dodged            ||    80
  Block: Other             ||    16

Table legend: (Time is in decaauts)
 A = Elapsed time spent in this place.
 B = Non-inter-level travel time spent in this place.
 C = Inter-level travel time spent in this place.
 D = Time resting spent in this place.
 E = Time spent auto-exploring this place.
 F = Levels seen in this place.
 G = Mean time per level.
                   A        B        C        D        E       F      G
               +--------+--------+--------+--------+--------+-----+--------+
         Total |   8495 |   8439 |     56 |   7267 |    931 |   2 | 4247.5 |
       Dungeon |   8495 |   8439 |     56 |   7267 |    931 |   2 | 4247.5 |
               +--------+--------+--------+--------+--------+-----+--------+

Top non-repeatable levels by time:
     D:1: 7708 daAuts
     D:2: 786 daAuts
